 Dungeon Crawl Stone Soup version 0.30-a0-808-g6e0788376e (webtiles) character file.

Game seed: 3133657784796054741

40 Ceno the Grave Robber (level 3, 0/16 HPs)
             Began as a Vine Stalker Necromancer on Feb 26, 2023.
             Hit by a goblin thrown by Robin (2 damage)
             ... on level 2 of the Dungeon.
             The game lasted 00:04:45 (1018 turns).

Ceno the Grave Robber (Vine Stalker Necromancer)    Turns: 1018, Time: 00:04:46

Health: 0/16       AC:  3    Str: 10    XL:     3   Next: 50%
Magic:  0/8        EV: 11    Int: 15    God:
Gold:   54         SH:  0    Dex: 16    Spells: 3/7 levels left

rFire   . . .      SeeInvis .    d - +0 dagger
rCold   . . .      Faith    .    (no shield)
rNeg    . . .      Spirit   +    i - +0 leather armour
rPois   .          Reflect  .    (no helmet)
rElec   .          Harm     .    (no cloak)
rCorr   .          Rampage  .    (no gloves)
Will    .....                    (no boots)
Stlth   ++                       (no amulet)
HPRegen 0.22/turn                (no ring)
MPRegen 0.11/turn                (no ring)

@: no status effects
A: fangs 2, magic shield, antimagic bite, no potion heal 2
a: no special abilities


You were on level 2 of the Dungeon.
You visited 1 branch of the dungeon, and saw 2 of its levels.

You collected 54 gold pieces.

Inventory:

Hand Weapons
 d - a +0 dagger (weapon)
Missiles
 c - 5 poisoned darts
 g - 6 stones (quivered)
 j - 5 atropa-tipped darts
Armour
 a - a +0 robe
 i - a +0 leather armour (worn)
Scrolls
 h - a scroll of vulnerability {unknown}
Potions
 b - a potion of magic
 e - a potion of degeneration {unknown}
 f - 2 potions of brilliance {unknown}


   Skills:
 - Level 1.5 Dodging
 - Level 3.0 Stealth
 + Level 2.7 Spellcasting
 * Level 4.7 Necromancy


You had 3 spell levels left.
You knew the following spells:

 Your Spells              Type           Power      Damage    Failure   Level
a - Necrotise             Necr           64%        1d7       4%          1
b - Vampiric Draining     Necr           16%        2d7       12%         3

Your spell library contained the following spells:

 Spells                   Type           Power      Damage    Failure   Level
 Ensorcelled Hibernation  Hex/Ice        4%         N/A       38%         2
 Passwall                 Tmut/Erth      1%         N/A       38%         2
 Swiftness                Air            2%         N/A       63%         3
 Animate Dead             Necr           16%        N/A       38%         4
 Agony                    Necr           16%        N/A       75%         5


Dungeon Overview and Level Annotations

Branches:
Dungeon (2/15)

Altars:

Annotations:
D:2 Robin


Innate Abilities, Weirdness & Mutations

You have extremely sharp teeth.
When hurt, damage is shared between your health and your magic reserves.
Your bite disrupts and absorbs the magic of your enemies.
Potions cannot restore your health.


Message History

The goblin writhes in agony.
You kill the goblin!
The dead are walking!
The goblin hits you with a +0 dagger.
You swap places.
Your goblin skeleton barely misses the goblin.
The goblin hits your goblin skeleton with a +0 dagger.
Things that are here:
a +0 dagger; a +0 dagger The goblin hits your goblin skeleton with a +0 dagger.
Your goblin skeleton misses the goblin.
Robin says, "Kneel, worm!"
The goblin hits your goblin skeleton with a +0 dagger.
Your goblin skeleton barely misses the goblin.
The goblin hits your goblin skeleton with a +0 dagger.
Your goblin skeleton is destroyed!
Robin throws the goblin at you!
You closely miss the goblin.
The goblin no longer looks unusually strong. x2
The goblin hits you with a +0 dagger.
You hit the goblin. You bite the goblin.
You kill the goblin!
The goblin no longer looks unusually strong.
The goblin hits you with a +0 dagger.
You hit the goblin but do no damage. The goblin closely misses you.
Robin throws the goblin at you!
You closely miss the goblin. The goblin hits you with a +0 dagger.
The goblin closely misses you.
You closely miss the goblin.
The goblin no longer looks unusually strong.
The goblin hits you with a +0 dagger.
* * * LOW HITPOINT WARNING * * *
The goblin hits you with a +0 dagger.
* * * LOW HITPOINT WARNING * * *
Robin roars a battlecry!
The goblins go into a battle-frenzy!
Your magical contamination has completely faded away.
You swap places.
The goblin barely misses you.
The goblin hits your goblin skeleton with a +0 dagger.
Your goblin skeleton hits the goblin.
Robin throws the goblin at you!
You die...

##.....## ##†#
##...## #.# ##.##
#.# #.# #.# #.# ###
######.####.# #.#
##.###...........#
#.#
##.#.##.####.######
#.####.###..g.....#
#.....## ##g@######
#.####.###.#Z# ##
#.# ##.#.##g###.##
#.# ##.###g##...##
#.# ### #g)....)##
#.# ##g......## .#.
#.........# # #
##..$....##
#.......#


You could see Robin, a hobgoblin (strong), 4 goblins and a friendly goblin
skeleton.

Vanquished Creatures
  4 endoplasms (D:1)
  2 giant cockroaches (D:1)
  8 goblins
  3 hobgoblins (D:1)
  2 quokkas (D:1)
  4 ball pythons (D:1)
  3 bats (D:1)
  A frilled lizard (D:2)
  3 kobolds (D:1)
  5 rats
35 creatures vanquished.

Vanquished Creatures (collateral kills)
  An endoplasm (D:1)
  A goblin (D:2)
2 creatures vanquished.

Grand Total: 37 creatures vanquished

Notes
Turn   | Place    | Note
-------+----------+-------------------------------------------
     0 | D:1      | Ceno the Vine Stalker Necromancer began the quest for the
                  | Orb.
     0 | D:1      | Reached XP level 1. HP: 9/9 MP: 4/4
   142 | D:1      | Reached XP level 2. HP: 13/13 MP: 3/6
   229 | D:1      | Found a faded altar of an unknown god.
   462 | D:1      | Reached XP level 3. HP: 15/16 MP: 2/7
   860 | D:2      | Learned a level 3 spell: Vampiric Draining
   992 | D:2      | Noticed Robin
  1018 | D:2      | Hit by a goblin thrown by Robin

Illustrated notes

Levels and vault maps discovered:
D:1:      roderic_octagonal_star, layout_basic, ebering_ecumenical_altar_mist,
          grunt_decor_resistance
D:2:      layout_loops_ring, uniq_sigmund, uniq_robin

Skill      XL: |  1  2 |
---------------+-------+-----
Stealth        | 3 |  3.0
Dodging        | |  1.5
Spellcasting   | |  2.7
Necromancy     | |  4.7

Action                     || total
---------------------------++-------
  Melee: Dagger            ||    51
         Bite              ||    12
   Cast: Necrotise         ||    38
   Stab: Sleeping          ||     3
 Armour: Robe              ||     5
         Leather armour    ||     7
  Dodge: Dodged            ||    33

Table legend: (Time is in decaauts)
 A = Elapsed time spent in this place.
 B = Non-inter-level travel time spent in this place.
 C = Inter-level travel time spent in this place.
 D = Time resting spent in this place.
 E = Time spent auto-exploring this place.
 F = Levels seen in this place.
 G = Mean time per level.
                   A        B        C        D        E       F      G
               +--------+--------+--------+--------+--------+-----+--------+
         Total |   1017 |   1008 |      9 |    120 |    438 |   2 |  508.5 |
       Dungeon |   1017 |   1008 |      9 |    120 |    438 |   2 |  508.5 |
               +--------+--------+--------+--------+--------+-----+--------+

Top non-repeatable levels by time:
     D:1: 854 daAuts
     D:2: 162 daAuts
